 Dungeon Crawl Stone Soup version 0.27-a0-1139-g28e009f8a6 (webtiles) character file.

Game seed: 1937080962324857763

40 Froggeryz the Ruffian (level 3, -3/29 HPs)
             Began as a Demonspawn Chaos Knight on May 8, 2021.
             Was a Plaything of Xom.
             Slain by Natasha (8 damage)
             ... on level 2 of the Dungeon.
             The game lasted 00:02:11 (1900 turns).

Froggeryz the Ruffian (Demonspawn Chaos Knight)     Turns: 1900, Time: 00:02:12

Health: -3/29      AC:  5    Str: 13    XL:     3   Next: 30%
Magic:  3/3        EV: 11    Int: 13    God:    Xom [..*...]
Gold:   59         SH:  0    Dex: 12    Spells: 2/2 levels left

rFire    . . .     SeeInvis .     - Unarmed
rCold    . . .     Faith    .   (no shield)
rNeg     . . .     Spirit   .   a - +2 leather armour
rPois    .         Reflect  .   (no helmet)
rElec    .         Harm     .   (no cloak)
rCorr    .         Rampage  .   (no gloves)
Will     .....                  (no boots)
Stlth    +.........             (no amulet)
HPRegen  0.09/turn              (no ring)
MPRegen  0.08/turn              (no ring)

@: slowed, very slow
A: claws 2
a: Renounce Religion


You were on level 2 of the Dungeon.
You worshipped Xom.
You were a toy of Xom.
You visited 1 branch of the dungeon, and saw 2 of its levels.

You collected 59 gold pieces.

Inventory:

Missiles
 c - 8 javelins (quivered)
Armour
 a - a +2 leather armour (worn)
 e - a +0 ring mail
Scrolls
 b - a scroll of magic mapping {unknown}
 d - a scroll of noise {unknown}
 g - a scroll of blinking {unknown}
Potions
 f - a potion of magic {unknown}


   Skills:
 - Level 3.0 Fighting
 - Level 2.2 Armour
 + Level 1.1 Dodging
 * Level 3.6 Unarmed Combat


You had 2 spell levels left.
You didn't know any spells.
Your spell library contained the following spells:

 Spells                   Type           Power      Damage    Failure   Level
 Summon Small Mammal      Summ           0%         N/A       36%         1
 Call Imp                 Summ           0%         N/A       52%         2
 Call Canine Familiar     Summ           0%         N/A       75%         3
 Summon Guardian Golem    Hex/Summ       0%         N/A       75%         3
 Summon Ice Beast         Ice/Summ       0%         N/A       98%         4
 Summon Lightning Spire   Summ/Air       0%         N/A       98%         4


Dungeon Overview and Level Annotations

Branches:
Dungeon (2/15)

Altars:

Annotations:
D:2 Natasha


Innate Abilities, Weirdness & Mutations

You have very sharp fingernails.


Message History

A kobold comes into view. It is wielding a +0 dagger.
The kobold shouts!
The kobold misses you.
Found 18 bolts.
There is an open door here.
Your leather armour prevents you from hitting the kobold.
A kobold is nearby!
A kobold is nearby!
You claw the kobold!
You kill the kobold!
No target in view!
No target in view!
Things that are here:
a +0 dagger; a stone Natasha, Servant of Life and Death comes into view.
Natasha hisses angrily.
Natasha stares at you and mumbles some strange words.
The magic dart hits you!
Natasha is nearby!
Natasha casts a spell at you. The magic dart hits you!
Natasha wildly gestures.
Natasha shimmers violently.
Natasha stares at you and mumbles some strange words.
You feel yourself slow down.
Natasha stares at you and mumbles some strange words.
You resist with significant effort.
You barely miss Natasha. Natasha claws you. Natasha barely misses you.
You are too injured to fight recklessly!
You scratch Natasha.
Natasha is moderately wounded.
Natasha closely misses you.
You scratch Natasha.
Natasha is severely wounded.
Natasha casts a spell at you. The magic dart hits you!
* * * LOW HITPOINT WARNING * * *
You emit a cloud of colourful smoke!
Natasha claws you!
You die...

#........### ..
#......†.... .#
#...........
.####...........
......[.........
................
#######................
#....§.h...............
#....§@.......#####....
#.(..§§.###### #....
#......## #########+#
#......# #..........
#.....§# #.#...###..
#.....§# #.#...####.
#......# #.#...'....
##....#######.#...####.
#....'.......#...# #.


You could see Natasha.

Vanquished Creatures
  An adder (D:2)
  3 ball pythons
  4 endoplasms (D:1)
  A giant cockroach (D:2)
  A goblin (D:1)
  5 hobgoblins (D:1)
  2 quokkas (D:1)
  4 bats
  5 kobolds
  A rat (D:1)
27 creatures vanquished.

Vanquished Creatures (others)
  A fungus (D:1)
  3 plants (D:1)
4 creatures vanquished.

Grand Total: 31 creatures vanquished

Notes
Turn   | Place    | Note
-------+----------+-------------------------------------------
     0 | D:1      | Froggeryz the Demonspawn Chaos Knight began the quest for
                  | the Orb.
     0 | D:1      | Reached XP level 1. HP: 18/18 MP: 1/1
   448 | D:1      | XOM: divination: magic mapping
   483 | D:1      | XOM: silly message
   547 | D:1      | Gained mutation: You have sharp fingernails. [demonic
                  | ancestry]
   547 | D:1      | Reached XP level 2. HP: 6/24 MP: 2/2
   564 | D:1      | XOM: divination: detect creatures
  1231 | D:1      | XOM: silly message
  1737 | D:2      | Gained mutation: You have very sharp fingernails. [demonic
                  | ancestry]
  1737 | D:2      | Reached XP level 3. HP: 29/29 MP: 3/3
  1766 | D:2      | Reached skill level 1 in Dodging
  1837 | D:2      | XOM: cloud trail
  1893 | D:2      | Noticed Natasha
  1900 | D:2      | XOM: smoke on damage
  1900 | D:2      | Slain by Natasha

Illustrated notes

Levels and vault maps discovered:
D:1:      tarquinn_simple_flora_water_d, layout_loops_cross
D:2:      layout_basic, uniq_natasha, uniq_sigmund

Skill      XL: |  1  2  3 |
---------------+----------+-----
Armour         | 2 |  2.2
Unarmed Combat | 3 |  3.6
Dodging        | 1 |  1.1
Fighting       | |  3.0

Action                   || total
-------------------------++-------
Melee: Unarmed           ||   101
 Stab: Sleeping          ||     1
Armor: Leather armour    ||    40
Dodge: Dodged            ||    57

Table legend: (Time is in decaauts)
 A = Elapsed time spent in this place.
 B = Non-inter-level travel time spent in this place.
 C = Inter-level travel time spent in this place.
 D = Time resting spent in this place.
 E = Time spent auto-exploring this place.
 F = Levels seen in this place.
 G = Mean time per level.
                   A        B        C        D        E       F      G
               +--------+--------+--------+--------+--------+-----+--------+
         Total |   1895 |   1871 |     24 |    562 |   1003 |   2 |  947.5 |
       Dungeon |   1895 |   1871 |     24 |    562 |   1003 |   2 |  947.5 |
               +--------+--------+--------+--------+--------+-----+--------+

Top non-repeatable levels by time:
     D:1: 1621 daAuts
     D:2: 274 daAuts
